 Dungeon Crawl Stone Soup version 0.19-a0-958-gd69d43c (webtiles) character file.

389 4thArraOfDagon the Bolt Thrower (level 6, -5/44 HPs)
             Began as a Mummy Arcane Marksman on July 11, 2016.
             Was a Believer of Cheibriados.
             Slain by an orc
             ... wielding a cursed +0 morningstar
              (10 damage)
             ... on level 4 of the Dungeon.
             The game lasted 00:08:42 (3031 turns).

4thArraOfDagon the Bolt Thrower (MuAM)              Turns: 3031, Time: 00:08:43

Health: -5/44      AC:  6    Str: 20    XL:     6   Next: 49%
Magic:  4/7        EV: 12    Int: 19    God:    Cheibriados [**....]
Gold:   168        SH:  0    Dex: 19    Spells: 2 memorised, 4 levels left

rFire  x . .     SeeInvis .     a - +0 hand crossbow
rCold  + . .     Gourm    .     b - +0 ring mail
rNeg   + + +     Faith    .     (no shield)
rPois  ∞         Spirit   .     (no helmet)
rElec  .         Dismiss  .     (no cloak)
rCorr  .         Reflect  .     i - +0 pair of gloves
SustAt .         Harm     .     (no boots)
MR     .....                    (no amulet)
Stlth  +.........               (no ring)
                                (no ring)

@: very slow, not resistant to hostile enchantments, very unstealthy
A: no food or potions, fire vulnerability, cold resistance 1, negative energy
resistance 3, torment resistance, unbreathing
a: Bend Time, Renounce Religion


You were on level 4 of the Dungeon.
You worshipped Cheibriados.
Cheibriados was pleased with you.
You were not hungry.

You visited 1 branch of the dungeon, and saw 4 of its levels.

You collected 168 gold pieces.

Inventory:

Hand Weapons
 a - a +0 hand crossbow (weapon)
 f - a +0 short sword
 j - a +0 war axe
Missiles
 d - 43 bolts (quivered)
Armour
 b - a +0 ring mail (worn)
 i - a +0 pair of gloves (worn)
Jewellery
 o - an uncursed amulet of dismissal
Wands
 l - a wand of enslavement (8/24)
Scrolls
 e - 10 scrolls of identify {unknown}
 g - 2 scrolls of amnesia {unknown}
 h - 3 scrolls of recharging {unknown}
 k - a scroll of blinking {unknown}
 m - a scroll of random uselessness {unknown}
 n - a scroll of remove curse {unknown}
 p - a scroll of noise {unknown}
Books
 c - a book of Debilitation

   Spells                             Type                      Level
   a - Corona                         Hexes                        1
   b - Slow                           Hexes                        2
   c - Gell's Gravitas                Hexes/Translocation          3
   d - Inner Flame                    Hexes/Fire                   3
   e - Cause Fear                     Hexes                        4
   f - Leda's Liquefaction            Hexes/Earth                  4


   Skills:
 + Level 1.8 Fighting
 * Level 2.9 Axes
 - Level 3.8 Crossbows
 + Level 1.0 Armour
 + Level 2.1 Dodging
 - Level 1.0 Spellcasting
 - Level 2.6 Hexes
 + Level 1.3 Invocations


You had 4 spell levels left.
You knew the following spells:

 Your Spells              Type           Power        Failure   Level  Hunger
a - Corona                Hex            ##.....      14%         1    N/A
b - Slow                  Hex            ##......     21%         2    N/A

Dungeon Overview and Level Annotations

Branches:
Dungeon (4/15)
 Temple: D:4-7

Altars:
Cheibriados
Pakellas


Innate Abilities, Weirdness & Mutations

You do not eat or drink.
Your flesh is vulnerable to fire.
You are immune to poison.
Your flesh is cold resistant. (rC+)
You are immune to negative energy. (rN+++)
You are immune to unholy pain and torment.
You can survive without breathing.


Message History

The orc wizard hits you but does no damage.
Unknown command.
Firing (i - inventory):
d - 45 bolts (quivered)
Press: ? - help, Shift-Dir - straight line, f/p - orc wizard
Aim: an orc wizard, wielding a dagger and wearing a robe (heavily wounded, slow)
You shoot a bolt. The bolt hits the orc wizard.
The orc wizard is severely wounded.
The orc hits you but does no damage.
The orc wizard gestures at you while chanting.
The magic dart hits you!
* * * LOW HITPOINT WARNING * * *
Unknown command.
Firing (i - inventory):
d - 44 bolts (quivered)
Press: ? - help, Shift-Dir - straight line, f/p - orc wizard
Aim: an orc wizard, wielding a dagger and wearing a robe (severely wounded, slow)
You shoot a bolt. The bolt hits the orc wizard!
You kill the orc wizard!
Cheibriados appreciates the change of pace.
The orc hits you but does no damage. The orc hits you with a morningstar!
You die...

................#...#...........#
'##########.)...###########'#####
..........#..........(...........
..........'...(...........!......
###########......................
.................................
...............##o#......####....
...............#)o#......#..#....
...............#@o#......'..'....
###########....#..#......####....
....).....#....#..#......o.......
..........#....#..#..............
....##....#....#..+...........<..
######....#....#..#..............
.....#....#....#..#.....#####....
.....#....#....#..#.....#...#....
.....#>...#....#..#.....#...#....


You could see 3 orcs.

Vanquished Creatures
  A giant frog (D:4)
  A howler monkey (D:4)
  A giant frog skeleton (D:4)
  A hound (D:4)
  A worker ant (D:3)
  2 orc wizards
  A gnoll (D:1)
  2 adders (D:2)
  2 oozes
  4 worms
  A dart slug (D:2)
  5 giant geckos
  4 orcs (D:3)
  3 giant cockroaches
  8 goblins
  6 hobgoblins
  14 jackals
  10 kobolds
  2 quokkas (D:4)
  2 ball pythons
  8 bats
  A giant gecko skeleton (D:4)
  6 giant newts
  A quokka skeleton (D:4)
  8 rats
95 creatures vanquished.

Vanquished Creatures (collateral kills)
  A giant gecko (D:3)
1 creature vanquished.

Vanquished Creatures (others)
  A tengu reaver (D:3)
  An orc (D:4)
2 creatures vanquished.

Grand Total: 98 creatures vanquished

Notes
Turn   | Place    | Note
-------+----------+-------------------------------------------
     0 | D:1      | 4thArraOfDagon the Mummy Arcane Marksman began the quest for the Orb.
     0 | D:1      | Reached XP level 1. HP: 15/15 MP: 2/2
    71 | D:2      | Reached skill level 2 in Crossbows
   100 | D:2      | Reached XP level 2. HP: 15/21 MP: 3/3
   212 | D:3      | Reached skill level 3 in Crossbows
   212 | D:3      | Reached XP level 3. HP: 17/26 MP: 4/4
   343 | D:3      | Found an oddly glowing altar of Pakellas.
   356 | D:3      | Killed a tengu reaver
   616 | D:4      | Reached XP level 4. HP: 26/32 MP: 5/5
   720 | D:4      | Found a snail-covered altar of Cheibriados.
   727 | D:4      | Became a worshipper of Cheibriados the Contemplative
   848 | D:4      | Reached skill level 1 in Axes
   924 | D:2      | Reached XP level 5. HP: 32/37 MP: 6/6
  1315 | D:1      | Reached * piety under Cheibriados
  1940 | D:1      | Learned a level 2 spell: Slow
  2125 | D:2      | Reached ** piety under Cheibriados
  2840 | D:4      | Reached XP level 6. HP: 41/43 MP: 7/7
  2959 | D:4      | Reached skill level 1 in Armour
  2959 | D:4      | Reached skill level 1 in Invocations
  3031 | D:4      | Slain by an orc

Vault maps used:
D:1:      saegor_arrival_miasma, minmay_hexomino_p4
D:2:      kennysheep_generic_room_8
D:3:      first_bread, gammafunk_pakellas_spire_experiment
D:4:      lemuel_round_altar

Skill      XL: |  1  2  3  4  5  6 |
---------------+-------------------+-----
Crossbows      | 2 3 |  3.8
Axes           | 1 2 |  2.9
Armour         | 1 |  1.0
Dodging        | 2 |  2.1
Invocations    | 1 |  1.3
Fighting       | |  1.8
Spellcasting   | |  1.0
Hexes          | |  2.6

Action                   |  1- 3 |  4- 6 || total
-------------------------+-------+-------++-------
Melee: Short sword       |    45 |       ||    45
       War axe           |       |   199 ||   199
 Fire: Hand crossbow     |    49 |    25 ||    74
Invok: Bend Time         |       |     1 ||     1
Evoke: Wand              |       |     2 ||     2
Armor: Ring mail         |    38 |   109 ||   147
Dodge: Dodged            |    50 |   152 ||   202
